 Dungeon Crawl Stone Soup version 0.24-a0-459-g225fefd530 (webtiles) character file.

Game seed: 10106947252416844703

119 Arthanis the Firebug (level 4, -5/24 HPs)
             Began as a Deep Elf Fire Elementalist on June 28, 2019.
             Was a Follower of Vehumet.
             Slain by a gnoll (9 damage)
             ... on level 2 of the Dungeon.
             The game lasted 00:05:52 (1458 turns).

Arthanis the Firebug (Deep Elf Fire Elementalist)   Turns: 1458, Time: 00:05:53

Health: -5/24      AC:  4    Str:  3 (5)  XL:     4   Next: 74%
Magic:  9/12       EV: 12    Int: 18 (21) God:    Vehumet [*.....]
Gold:   116        SH:  0    Dex: 12 (15) Spells: 3/11 levels left

rFire    . . .     SeeInvis .   h - +0 dagger
rCold    . . .     Gourm    .   (no shield)
rNeg     . . .     Faith    .   a - +0 robe
rPois    +         Spirit   .   (no helmet)
rElec    .         Reflect  .   f - +0 cloak
rCorr    .         Harm     .   (no gloves)
MR       .....                  q - +0 pair of boots
Stlth    +.........             (no amulet)
HPRegen  0.08/turn              i - ring of poison resistance
MPRegen  0.13/turn              p - ring of attention (curse)

@: no status effects
A: no striking features
a: Renounce Religion


You were on level 2 of the Dungeon.
You worshipped Vehumet.
Vehumet was aware of your devotion.
You were not hungry.

You visited 1 branch of the dungeon, and saw 3 of its levels.

You collected 116 gold pieces.

Inventory:

Hand Weapons
 h - a +0 dagger (weapon)
Armour
 a - a +0 robe (worn)
 b - a +0 buckler
 f - a +0 cloak (worn)
 q - a +0 pair of boots (worn)
Jewellery
 i - a ring of poison resistance (left hand)
 p - a cursed ring of attention (right hand)
Scrolls
 g - a scroll of fear {unknown}
 k - 2 scrolls of amnesia {unknown}
 l - a scroll of identify {unknown}
 m - a scroll of immolation {unknown}
 n - a scroll of teleportation {unknown}
 r - a scroll of magic mapping {unknown}
Potions
 d - a potion of lignification {unknown}
 e - a potion of magic {unknown}
 j - a potion of flight {unknown}
Comestibles
 c - 3 rations
 o - a chunk of flesh


   Skills:
 - Level 2.4 Dodging
 - Level 2.4 Stealth
 + Level 4.0 Spellcasting
 * Level 3.2 Conjurations
 * Level 4.6 Fire Magic


You had 3 spell levels left.
You knew the following spells:

 Your Spells              Type           Power        Failure   Level  Hunger
a - Flame Tongue          Conj/Fire      ###..        3%          1    None
b - Conjure Flame         Conj/Fire      ###.....     9%          3    ###....
c - Sticky Flame          Conj/Fire      ###.....     28%         4    ####...

Your spell library contained the following spells:

 Spells                   Type           Power        Failure   Level  Hunger
 Sting                    Conj/Pois      #...         8%          1    None
 Throw Flame              Conj/Fire      ###...       4%          2    ##.....
 Inner Flame              Hex/Fire       ##......     17%         3    ###....
 Fireball                 Conj/Fire      ###.......   63%         5    ######.


Dungeon Overview and Level Annotations

Branches:
Dungeon (3/15)

Altars:
Hepliaklqana
Vehumet


Message History

You climb upwards.
There is a stone staircase leading down here.
Casting: Flame Tongue (safe; 3% risk of failure)
Confirm with . or Enter, or press ? or * to list all spells.
Aiming: Flame Tongue (safe; 3% risk of failure)
Press: ? - help, Shift-Dir - straight line, f - jackal
Aim: a jackal The flame tongue hits the jackal!
You kill the jackal!
Vehumet accepts your kill.
You feel your power returning. The gnoll hits you.
* * * LOW HITPOINT WARNING * * *
Casting: Flame Tongue (safe; 3% risk of failure)
Confirm with . or Enter, or press ? or * to list all spells.
Aiming: Flame Tongue (safe; 3% risk of failure)
Press: ? - help, Shift-Dir - straight line, f - gnoll
Aim: a gnoll The flame tongue hits the gnoll but does no damage.
The hobgoblin misses you. The gnoll hits you!
You die...

#.##.# #.# ##....
#.##.###.######....
#.##............#.#
#.######.######....
#.# #.# ###.# #.#
#.# #.. #.# #.# ###
#g######.#
#†@g.....#
##########


You could see a gnoll and a hobgoblin.

Vanquished Creatures
  An orc priest (D:2)
  2 adders (D:2)
  2 worms (D:2)
  A dart slug (D:1)
  A leopard gecko (D:2)
  3 orcs (D:3)
  7 bats
  4 goblins (D:1)
  8 hobgoblins
  14 jackals
  4 kobolds
  A quokka (D:3)
  3 frilled lizards
  3 rats
54 creatures vanquished.

Vanquished Creatures (others)
  An adder (D:2)
  A quokka (D:2)
2 creatures vanquished.

Grand Total: 56 creatures vanquished

Notes
Turn   | Place    | Note
-------+----------+-------------------------------------------
     0 | D:1      | Arthanis the Deep Elf Fire Elementalist began the quest for
                  | the Orb.
     0 | D:1      | Reached XP level 1. HP: 10/10 MP: 6/6
   179 | D:1      | Reached XP level 2. HP: 8/15 MP: 4/8
   333 | D:1      | Reached XP level 3. HP: 16/19 MP: 1/9
   338 | D:1      | Learned a level 3 spell: Conjure Flame
   687 | D:2      | Found a radiant altar of Vehumet.
   702 | D:2      | Became a worshipper of Vehumet
   903 | D:2      | Reached XP level 4. HP: 20/24 MP: 3/11
   914 | D:2      | Learned a level 4 spell: Sticky Flame
  1033 | D:2      | Found a hazy altar of Hepliaklqana.
  1312 | D:3      | Reached * piety under Vehumet
  1312 | D:3      | Offered knowledge of Sting by Vehumet.
  1458 | D:2      | Slain by a gnoll

Levels and vault maps discovered:
D:1:      dpeg_arrival_signposts, layout_rooms, nrook_loot_triangle,
          minmay_tetromino_o4
D:2:      layout_loops_ring, overflow_temple_1_default, fiery_altar_vehumet
D:3:      layout_rooms, overflow_temple_1_default, portal_sewer_entry_b

Skill      XL: |  1  2  3  4 |
---------------+-------------+-----
Conjurations   | 2 3 |  3.2
Fire Magic     | 4 |  4.6
Spellcasting   | 4 |  4.0
Dodging        | |  2.4
Stealth        | |  2.4

Action                   |  1- 3 |  4- 6 || total
-------------------------+-------+-------++-------
Melee: Dagger            |     1 |       ||     1
 Cast: Flame Tongue      |    63 |    37 ||   100
  Use: Potion            |       |     2 ||     2
  Eat: Chunk             |       |     1 ||     1
Armor: Robe              |     5 |     8 ||    13
Dodge: Dodged            |    19 |    34 ||    53

Table legend:
 A = Non-vault XP
 B = Vault XP
 C = Vault XP percentage of total XP
 D = Non-vault monster count
 E = Vault monster count
 F = Vault count percentage of total count
                 A         B        C        D         E       F
            +---------+---------+-------+---------+---------+-------
      Total |     169 |       2 |   1.2 |      52 |       2 |   3.7
            +---------+---------+-------+---------+---------+-------
        D:1 |      42 |       2 |   4.5 |      21 |       2 |   8.7
        D:2 |     113 |       0 |   0.0 |      25 |       0 |   0.0
        D:3 |      14 |       0 |   0.0 |       6 |       0 |   0.0
            +---------+---------+-------+---------+---------+-------
